 Dungeon Crawl Stone Soup version 0.30-a0-570-g486de37d69 (webtiles) character file.

Game seed: 11353123340952505246

382 Masnef the Shooter (level 6, -4/61 HPs)
             Began as a Barachi Hunter on Dec 29, 2022.
             Slain by an ice beast (13 damage)
             ... on level 5 of the Dungeon.
             The game lasted 00:08:28 (3176 turns).

Masnef the Shooter (Barachi Hunter)                 Turns: 3176, Time: 00:08:29

Health: -4/61      AC:  4    Str: 13    XL:     6   Next: 76%
Magic:  6/6        EV: 12    Int:  9    God:
Gold:   273        SH:  5    Dex: 17    Spells: 2/5 levels left

rFire   . . .      SeeInvis .    a - +0 shortbow
rCold   . . .      Faith    .    (shield currently unavailable)
rNeg    . . .      Spirit   .    c - +0 leather armour
rPois   .          Reflect  +    (no helmet)
rElec   .          Harm     .    (no cloak)
rCorr   .          Rampage  .    k - +0 pair of gloves
Will    +....                    (no boots) Stlth
                                 r - amulet of reflection
HPRegen 0.30/turn                (no ring)
MPRegen 0.10/turn                (no ring)

@: berserking, quick
A: amphibious, slowness 1, strong legs 1, +LOS, frail 1, strong-willed 1, sense
surroundings 1
a: Hop


You were on level 5 of the Dungeon.
You visited 1 branch of the dungeon, and saw 5 of its levels.

You collected 273 gold pieces.

Inventory:

Hand Weapons
 a - a +0 shortbow (weapon)
 n - a +0 falchion
 B - a +0 long sword
 C - the +10 trident of Eternal Night {heavy, Fly Str+7}
   (You found it on level 5 of the Dungeon)

   It deals dramatically more damage, but attacks with it are much slower.
   Str:       It affects your strength (+7).
   Fly:       It grants you flight.
Missiles
 h - 9 poisoned darts
 s - 2 javelins
Armour
 c - a +0 leather armour (worn)
 e - a +0 pair of gloves
 k - a +0 pair of gloves (worn)
 w - a +0 buckler
Jewellery
 i - a ring of fire
 q - an amulet of faith
 r - an amulet of reflection (around neck)
 u - a ring of fire
 y - an amulet of regeneration
Scrolls
 b - a scroll of immolation
 d - 2 scrolls of noise {unknown}
 g - a scroll of teleportation
 t - a scroll of magic mapping
 x - a scroll of enchant weapon {unknown}
 z - a scroll of fog
Potions
 f - 2 potions of flight
 j - 2 potions of brilliance
 m - 2 potions of curing
 o - a potion of lignification {unknown}
 p - 2 potions of mutation
 v - a potion of berserk rage
 A - a potion of heal wounds {unknown}


   Skills:
 + Level 2.9 Fighting
 + Level 7.7 Ranged Weapons
 + Level 2.3 Dodging
 + Level 0.8 Stealth


You had 2 spell levels left.
You knew the following spells:

 Your Spells              Type           Power      Damage    Failure   Level
a - Portal Projectile     Hex/Tloc       0%         N/A       83%         3

Your spell library contained the following spells:

 Spells                   Type           Power      Damage    Failure   Level
 Stone Arrow              Conj/Erth      0%         3d7       83%         3
 Tukima's Dance           Hex            0%         N/A       83%         3
 Animate Armour           Summ/Erth      0%         N/A       99%         4
 Blade Hands              Tmut           0%         N/A       100%        5
 Lehudib's Crystal Spear  Conj/Erth      0%         10d2      100%        8


Dungeon Overview and Level Annotations

Branches:
Dungeon (5/15)
 Temple: D:4-7

Altars:
Ashenzari
Uskayaw
Zin


Innate Abilities, Weirdness & Mutations

You are amphibious.
You cover ground slowly.
You can hop short distances.
You have an extended range of vision and can be seen from far away.
You are frail. (-10% HP)
You are strong-willed. (Will+)
You passively map a small area around you.


Message History

You shoot an arrow. The arrow barely misses the iguana.
The iguana barely misses you.
You shoot an arrow. The arrow hits the iguana.
You kill the iguana!
p - 3 dark potions (gained 1)
An iguana comes into view.
An iguana is nearby!
You shoot an arrow. The arrow hits the iguana.
The iguana hisses angrily.
The iguana is lightly wounded.
Something shouts, "Bolt, thou gleeking tip-merry whip-jack!"
You shoot an arrow. The arrow closely misses the ice beast.
A shadow imp comes into view.
The ice beast hits you. The ice beast freezes you!
You shoot an arrow. The arrow hits the ice beast.
The ice beast is lightly wounded.
The shadow imp gestures at you. Pain shoots through your body!
A jelly comes into view.
The ice beast hits you but does no damage.
A quokka comes into view.
The ice beast attacks as you move away! The ice beast misses you.
The ice beast hits you. The ice beast freezes you!
* * * LOW HITPOINT WARNING * * *
The ice beast attacks as you move away! The ice beast closely misses you.
As you read the scroll labelled BESKEL XEOWK, it crumbles to dust.
It is a scroll of amnesia.
Really abort (and waste the scroll)?
Okay, then.
The ice beast barely misses you.
It was a potion of mutation.
You feel extremely strange.
You feel frail.
You feel strong-willed.
You feel a strange attunement to the structure of the dungeons.
The ice beast hits you but does no damage.
It was a potion of berserk rage.
A red film seems to cover your vision as you go berserk!
You feel yourself moving faster!
You feel mighty! The ice beast hits you.
* * * LOW HITPOINT WARNING * * *
The ice beast freezes you!
You die...

........## ##.#*..
#.. ...<.##.####...#
..####.. ,
..(.###.##...# ......
, , ..... #.#..# *
,,,..... ......#.#.##
,.... ,
#####.....#######*#5.
, ###.........# #.#*
,, #.........###5#
##........@Yrl# ,
############J....# *
###.### * ... *###


You could see an ice beast, an iguana, a jelly, a shadow imp and a quokka.

Vanquished Creatures
  A scorpion (D:4)
  A howler monkey (D:4)
  A hound (D:4)
  2 iguanas
  2 orc wizards
  2 adders
  3 gnolls (D:3)
  An adder zombie (D:2)
  An adder skeleton (D:2)
  4 dart slugs
  6 orcs
  9 ball pythons
  4 bats
  8 endoplasms
  3 giant cockroaches
  8 goblins
  8 hobgoblins
  4 jackals
  4 quokkas
  A frilled lizard (D:1)
  A jackal skeleton (D:2)
  6 kobolds
  A quokka skeleton (D:2)
  6 rats
87 creatures vanquished.

Vanquished Creatures (others)
  A plant (D:1)
  2 withered plants (D:2)
3 creatures vanquished.

Grand Total: 90 creatures vanquished

Notes
Turn   | Place    | Note
-------+----------+-------------------------------------------
     0 | D:1      | Masnef the Barachi Hunter began the quest for the Orb.
     0 | D:1      | Reached XP level 1. HP: 17/17 MP: 1/1
     2 | D:1      | Noticed a gargoyle
     2 | D:1      | Noticed a ghoul
     4 | D:1      | Noticed a vampire
     4 | D:1      | Noticed a meteoran
     6 | D:1      | Noticed a minotaur
     6 | D:1      | Noticed a human
     8 | D:1      | Noticed a vine stalker
     8 | D:1      | Noticed a troll
    10 | D:1      | Noticed an elf
    12 | D:1      | Noticed a naga
    14 | D:1      | Noticed a formicid
    14 | D:1      | Noticed an armataur
    16 | D:1      | Noticed a draconian
    16 | D:1      | Noticed a demonspawn
    18 | D:1      | Noticed a spriggan
    18 | D:1      | Noticed an octopode
    20 | D:1      | Noticed a merfolk
    22 | D:1      | Noticed a demigod
    22 | D:1      | Noticed a felid
    24 | D:1      | Noticed an ogre
    24 | D:1      | Noticed a demonspawn
    26 | D:1      | Noticed a ghoul
    26 | D:1      | Noticed a demigod
    44 | D:1      | Reached XP level 2. HP: 23/23 MP: 2/2
   196 | D:1      | Reached XP level 3. HP: 28/28 MP: 3/3
   261 | D:1      | Reached skill level 5 in Ranged Weapons
  1016 | D:2      | Reached XP level 4. HP: 34/34 MP: 4/4
  1566 | D:3      | Found a faded altar of an unknown god.
  1585 | D:3      | Reached skill level 6 in Ranged Weapons
  1742 | D:3      | Found a glowing silver altar of Zin.
  1882 | D:3      | Reached XP level 5. HP: 39/39 MP: 5/5
  2036 | D:3      | Found a broken altar of Ashenzari.
  2138 | D:3      | Found a hide-covered altar of Uskayaw.
  2708 | D:4      | Learned a level 3 spell: Portal Projectile
  2722 | D:4      | Reached skill level 7 in Ranged Weapons
  2722 | D:4      | Reached XP level 6. HP: 46/46 MP: 6/6
  3055 | D:5      | Entered Level 5 of the Dungeon
  3108 | D:5      | Noticed an ice beast
  3109 | D:5      | Identified the +10 trident of Eternal Night {heavy, Fly
                  | Str+7}
  3175 | D:5      | Gained mutation: You are frail. (-10% HP) [potion of
                  | mutation]
  3175 | D:5      | Gained mutation: You are strong-willed. (Will+) [potion of
                  | mutation]
  3175 | D:5      | Gained mutation: You passively map a small area around you.
                  | [potion of mutation]
  3176 | D:5      | Slain by an ice beast

Illustrated notes

Levels and vault maps discovered:
D:1:      kb_arrival_jail, layout_basic, chequers_big_river, minmay_liquid_box,
          dreamdust_princess_bridge, glass_columns_a, minmay_pentomino_x4
D:2:      layout_loops_ring, serial_undead, serial_undead_c, serial_undead_b,
          serial_undead_d, serial_undead_e, dk_noncrumbling_3
D:3:      layout_loops_ring, nicolae_uskayaw_murder_on_the_dancefloor,
          old_standard_altar, mainiacjoe_overflow_surrounded_room, serial_glass,
          glass_columns_a, glass_columns_b, ebering_ecumenical_altar_webs,
          grunt_decor_arrowhead
D:4:      layout_cave_pools, serial_bayou_ford_a, kennysheep_generic_room_15
D:5:      layout_rooms, dk_yredelemnul_ordeal, gammafunk_temple_overflow_statue,
          minmay_bent, uniq_blork_the_orc

Skill      XL: |  1  2  3  4  5 |
---------------+----------------+-----
Ranged Weapons | 5 6 7 |  7.7
Fighting       | |  2.9
Dodging        | |  2.3
Stealth        | |  0.8

Action                   |  1- 3 |  4- 6 || total
-------------------------+-------+-------++-------
Melee: Falchion          |       |     5 ||     5
       Shortbow          |       |     1 ||     1
 Fire: Shortbow          |    83 |   182 ||   265
  Use: Scroll            |       |     7 ||     7
       Potion            |       |     2 ||     2
Armor: Leather armour    |     6 |    29 ||    35
Dodge: Dodged            |    13 |    77 ||    90
Block: Other             |       |    23 ||    23

Table legend: (Time is in decaauts)
 A = Elapsed time spent in this place.
 B = Non-inter-level travel time spent in this place.
 C = Inter-level travel time spent in this place.
 D = Time resting spent in this place.
 E = Time spent auto-exploring this place.
 F = Levels seen in this place.
 G = Mean time per level.
                   A        B        C        D        E       F      G
               +--------+--------+--------+--------+--------+-----+--------+
         Total |   3711 |   3583 |    128 |    141 |   2734 |   5 |  742.2 |
       Dungeon |   3711 |   3583 |    128 |    141 |   2734 |   5 |  742.2 |
               +--------+--------+--------+--------+--------+-----+--------+

Top non-repeatable levels by time:
     D:3: 1138 daAuts
     D:1: 1034 daAuts
     D:2: 769 daAuts
     D:4: 651 daAuts
     D:5: 118 daAuts
